 Dungeon Crawl Stone Soup version 0.17-a0-18-gc25b939 (webtiles) character file.

57 Antondotnet the Magician (level 3, -2/19 HPs)
             Began as a Deep Elf Wizard on Mar 7, 2015.
             Slain by a gnoll
             ... wielding a +0 flail
              (16 damage)
             ... on level 2 of the Dungeon.
             The game lasted 00:05:12 (964 turns).

Antondotnet the Magician (Deep Elf Wizard)           Turns: 964, Time: 00:05:12

Health: -2/19      AC:  3    Str:  4    XL:     3   Next: 73%
Magic:  6/16       EV: 12    Int: 23    God:
Gold:   74         SH:  0    Dex: 13    Spells: 6 memorised, 2 levels left

rFire  . . .     SeeInvis .     (no weapon)
rCold  . . .     Clarity  +     a - +0 robe
rNeg   . . .     SustAb   .     (no shield)
rPois  .         Gourm    .     b - +0 hat
rElec  .         Spirit   .     e - +0 cloak
rCorr  .         Warding  .     (no gloves)
rMut   .         Stasis   .     (no boots)
MR     .....                    g - amulet of clarity
Stlth  ++........               (no ring)
                                (no ring)

@: not resistant to hostile enchantments, unstealthy
A: no striking features
a: no special abilities


You were on level 2 of the Dungeon.
You were not hungry.

You visited 1 branch of the dungeon, and saw 2 of its levels.

You collected 74 gold pieces.

Inventory:

Armour
 a - a +0 robe (worn)
 b - a +0 hat (worn)
 e - a +0 cloak (worn)
Jewellery
 g - an amulet of clarity (around neck)
 j - an uncursed ring of poison resistance {unknown}
Scrolls
 k - a scroll of remove curse {unknown}
Potions
 f - 2 potions of curing {unknown}
 h - a potion of magic {unknown}
 i - a potion of heal wounds {unknown}
Books
 c - a book of Minor Magic

   Spells                             Type                      Level
   a - Magic Dart                     Conjuration                  1
   b - Blink                          Translocation                2
   c - Call Imp                       Summoning                    2
   d - Repel Missiles                 Charms/Air                   2
   e - Slow                           Hexes                        2
   f - Conjure Flame                  Conjuration/Fire             3
   g - Mephitic Cloud                 Conjuration/Poison/Air       3
Comestibles
 d - 2 bread rations


   Skills:
 - Level 2.4 Dodging
 - Level 2.4 Stealth
 * Level 6.5 Spellcasting
 - Level 1.1 Conjurations
 - Level 1.1 Summonings
 - Level 1.1 Translocations


You had 2 spell levels left.
You knew the following spells:

 Your Spells              Type           Power        Failure   Level  Hunger
a - Magic Dart            Conj           ##..         6%          1    None
b - Blink                 Tloc           N/A          10%         2    None
c - Slow                  Hex            #.......     14%         2    None
d - Conjure Flame         Conj/Fire      ##......     21%         3    None
e - Mephitic Cloud        Conj/Pois/Air  #.......     21%         3    None
x - Call Imp              Summ           ##......     10%         2    None


Dungeon Overview and Level Annotations

Branches:
Dungeon (2/15)

Altars:


Message History

Your shadow imp hits the gnoll.
Casting: Call Imp
Confirm with . or Enter, or press ? or * to list all spells.
Aiming: Magic Dart
Press: ? - help, Shift-Dir - straight line, f - gnoll
Aim: a gnoll, wielding a flail (grey smoke, lightly wounded)
The magic dart hits the gnoll.
The gnoll is moderately wounded.
Your crimson imp blinks!
The gnoll barely misses you.
Your shadow imp hits the gnoll.
Casting: Magic Dart
Confirm with . or Enter, or press ? or * to list all spells.
Aiming: Magic Dart
Press: ? - help, Shift-Dir - straight line, f/p - gnoll
Aim: a gnoll, wielding a flail (grey smoke, moderately wounded)
The magic dart hits the gnoll.
The gnoll is moderately wounded.
The gnoll hits you with a flail!
Ouch! That really hurt!
You die...

#.# #.# ##.. ..######
#.#.##.. #########.#.##.#
#.......#....#.#
####.#.......#.##.#
#..†..g@.#.#.#.#..#
#..P.P.5.#.#.#....#
####'###...#.#....######
+.g #................
#...#.#####...#######
+...### #.....#
##########.# #.#...#
#....# #..# #.....#
#.##.####..######.#.######


You could see a gnoll and a friendly shadow imp.

Vanquished Creatures
  A hound (D:2)
  An ooze (D:1)
  A ball python (D:1)
  9 bats
  A giant cockroach (D:1)
  A goblin (D:1)
  A hobgoblin (D:1)
  2 jackals (D:1)
  A kobold (D:1)
  A giant gecko (D:2)
  3 giant newts
22 creatures vanquished.

Vanquished Creatures (collateral kills)
  A hound (D:2)
1 creature vanquished.

Vanquished Creatures (others)
  A white imp (D:2)
1 creature vanquished.

Grand Total: 24 creatures vanquished

Notes
Turn   | Place    | Note
--------------------------------------------------------------
     0 | D:1      | Antondotnet, the Deep Elf Wizard, began the quest for the Orb.
     0 | D:1      | Reached XP level 1. HP: 10/10 MP: 6/6
   128 | D:1      | Reached skill level 5 in Spellcasting
   308 | D:1      | Reached XP level 2. HP: 15/15 MP: 6/11
   312 | D:1      | Learned a level 2 spell: Blink
   315 | D:1      | Learned a level 2 spell: Call Imp
   318 | D:1      | Learned a level 2 spell: Slow
   949 | D:2      | Reached skill level 6 in Spellcasting
   949 | D:2      | Reached XP level 3. HP: 13/19 MP: 9/16
   955 | D:2      | Learned a level 3 spell: Conjure Flame
   959 | D:2      | Learned a level 3 spell: Mephitic Cloud
   964 | D:2      | Slain by a gnoll

Action                   || total
-------------------------++-------
 Cast: Magic Dart        ||    51
       Call Imp          ||     4
